 Dungeon Crawl Stone Soup version 0.28-a0-1415-g7c84da036a (webtiles) character file.

Game seed: 4263633336156236019

130 southernslant the Skirmisher (level 5, 0/32 HPs)
             Began as a Gargoyle Gladiator on Jan 7, 2022.
             Slain by a steam dragon (3 damage)
             ... on level 4 of the Dungeon.
             The game lasted 00:04:41 (2897 turns).

southernslant the Skirmisher (Gargoyle Gladiator)   Turns: 2897, Time: 00:04:41

Health: 0/32       AC:  8    Str: 19    XL:     5   Next: 13%
Magic:  5/5        EV: 12    Int:  9    God:
Gold:   136        SH:  0    Dex: 11    Spells: 4/4 levels left

rFire   . . .      SeeInvis .   a - +0 trident
rCold   . . .      Faith    .   (no shield)
rNeg    + . .      Spirit   .   b - +0 leather armour
rPois   ∞          Reflect  .   c - +0 helmet
rElec   +          Harm     .   (no cloak)
rCorr   .          Rampage  .   (no gloves)
Will    .....                   (no boots)
Stlth   +.........              (no amulet)
HPRegen 0.10/turn               (no ring)
MPRegen 0.09/turn               (no ring)

@: no status effects
A: sickness immunity, AC +4, negative energy resistance 1, electricity
resistance, torment resistance 1, petrification resistance
a: no special abilities


You were on level 4 of the Dungeon.
You visited 1 branch of the dungeon, and saw 4 of its levels.

You collected 136 gold pieces.

Inventory:

Hand Weapons
 a - a +0 trident (weapon)
Missiles
 d - 3 throwing nets (quivered)
 e - 41 poisoned darts
 f - 3 javelins
 k - 81 stones
 s - 2 boomerangs
Armour
 b - a +0 leather armour (worn)
 c - a +0 helmet (worn)
Wands
 q - a wand of iceblast (4)
Scrolls
 g - a scroll of blinking {unknown}
 h - a scroll of teleportation {unknown}
 l - a scroll of enchant weapon {unknown}
 m - a scroll of amnesia {unknown}
 n - a scroll of enchant armour {unknown}
 p - a scroll of magic mapping {unknown}
Potions
 i - a potion of might {unknown}
 j - a potion of degeneration {unknown}
 o - a potion of brilliance {unknown}
 r - a potion of curing {unknown}


   Skills:
 * Level 3.6 Fighting
 + Level 3.1 Polearms
 + Level 2.3 Throwing
 * Level 2.5 Armour
 + Level 2.8 Dodging


You had 4 spell levels left.
You didn't know any spells.
Your spell library contained the following spells:

 Spells                   Type           Power      Damage    Failure   Level
 Apportation              Tloc           0%         N/A       43%         1
 Magic Dart               Conj           0%         1d3       43%         1
 Summon Small Mammal      Summ           0%         N/A       43%         1
 Searing Ray              Conj           0%         2d4       58%         2
 Call Canine Familiar     Summ           0%         N/A       82%         3
 Frozen Ramparts          Ice            0%         1d2       82%         3
 Ozocubu's Armour         Ice            0%         N/A       82%         3
 Spider Form              Tmut/Pois      0%         N/A       82%         3
 Summon Guardian Golem    Hex/Summ       0%         N/A       82%         3
 Fulminant Prism          Conj/Hex       0%         3d6       99%         4
 Simulacrum               Ice/Necr       0%         N/A       100%        6


Dungeon Overview and Level Annotations

Branches:
Dungeon (4/15)
 Temple: D:4-7

Altars:

Shops:
D:1 *   D:2 [*[?*


Innate Abilities, Weirdness & Mutations

You are immune to sickness and miasma.
Your stone body is resilient. (AC +4)
You are immune to poison.
You resist negative energy. (rN+)
You are resistant to electric shocks. (rElec)
You are resistant to unholy torment.
You are immune to petrification.


Message History

You hit the adder.
The adder is lightly wounded.
The adder bites you. The adder misses you.
You puncture the adder!
You kill the adder!
You closely miss the quokka. The quokka barely misses you.
You closely miss the quokka.
The quokka bites you but does no damage.
The quokka bites you.
You barely miss the quokka.
The quokka bites you but does no damage.
You closely miss the quokka. The quokka barely misses you. x2
You closely miss the quokka.
The quokka bites you but does no damage.
You hit the quokka but do no damage. The quokka misses you.
You closely miss the quokka. The quokka bites you.
The quokka bites you but does no damage.
You barely miss the quokka. The quokka bites you.
You hit the quokka.
You kill the quokka!
Things that are here:
a quokka corpse; an adder corpse A steam dragon comes into view.
A steam dragon is nearby!
A steam dragon is nearby!
The steam dragon hisses angrily.
The steam dragon breathes steam at you. The ball of steam hits you!
You reach to attack!
You completely miss the steam dragon. You barely miss the steam dragon.
The steam dragon breathes steam at you. The ball of steam misses you.
The steam dragon breathes steam at you. The ball of steam hits you!
* * * LOW HITPOINT WARNING * * *
You hit the steam dragon but do no damage.
You are engulfed in a cloud of scalding steam.
* * * LOW HITPOINT WARNING * * *
The steam dragon bites you.
You die...

.#.#.#. #
.#..... #.#..
.#..... #.#..
.......
....#####.....
............##.#
##
#...#.D.......
#. >. #.....@.#
#.#.. #.
#.#.#...# #....
#..#....§§.#
#....
#..#......§#
#...
#.......§§##
#..#####..#####
#......†........
##.#>###########
##.##


You could see a steam dragon (catching breath).

Vanquished Creatures
  Jessica (D:2)
  A gnoll (D:1)
  4 adders
  2 worms (D:2)
  3 dart slugs
  An orc (D:4)
  2 bats
  3 endoplasms
  3 hobgoblins (D:1)
  5 jackals (D:2)
  A quokka (D:4)
  4 ball pythons
  A ball python zombie (D:3)
  9 frilled lizards (D:3)
  4 goblins
  A kobold (D:1)
  7 rats
52 creatures vanquished.

Vanquished Creatures (others)
  7 plants (D:3)
7 creatures vanquished.

Grand Total: 59 creatures vanquished

Notes
Turn   | Place    | Note
-------+----------+-------------------------------------------
     0 | D:1      | southernslant the Gargoyle Gladiator began the quest for
                  | the Orb.
     0 | D:1      | Reached XP level 1. HP: 12/12 MP: 1/1
    24 | D:1      | Reached skill level 1 in Armour
    24 | D:1      | Reached XP level 2. HP: 5/18 MP: 2/2
   460 | D:1      | Found Ohugh's Assorted Antiques.
   800 | D:1      | Reached XP level 3. HP: 22/22 MP: 3/3
   955 | D:2      | Found Quilog's Armour Shop.
   977 | D:2      | Got the Guide on Vitriolic Cold
   991 | D:2      | Found a faded altar of an unknown god.
  1000 | D:2      | Got Plato's Reference Book on Displacement
  1016 | D:2      | Found Ruddyiff's General Store.
  1052 | D:2      | Found Suebehe's Armour Boutique.
  1135 | D:2      | Found Awoc's General Store.
  1284 | D:2      | Found Fimnuir's Magic Scroll Shop.
  1593 | D:2      | Noticed Jessica
  1598 | D:2      | Killed Jessica
  1599 | D:2      | Reached XP level 4. HP: 26/28 MP: 4/4
  2628 | D:4      | Reached XP level 5. HP: 25/32 MP: 5/5
  2891 | D:4      | Noticed a steam dragon
  2897 | D:4      | Slain by a steam dragon

Illustrated notes

Levels and vault maps discovered:
D:1:      dpeg_arrival_central, layout_basic, serial_shops, shop
D:2:      layout_basic, serial_shops, nicolae_shop_stone, shop, shop,
          nicolae_shop_stone, shop, shapermc_ecumenical_altar_rom_forum,
          uniq_jessica
D:3:      cheibrodos_helix_gallery, layout_basic, minmay_lizard_king
D:4:      layout_loops_ring, hangedman_decor_lopped, supply_closet_lemuel

Skill      XL: |  1  2  3 |
---------------+----------+-----
Armour         | 1 2 |  2.5
Throwing       | 2 |  2.3
Fighting       | 3 |  3.6
Polearms       | 3 |  3.1
Dodging        | |  2.8

Action                   |  1- 3 |  4- 6 || total
-------------------------+-------+-------++-------
Melee: Trident           |    88 |    77 ||   165
Armor: Leather armour    |    26 |    16 ||    42
Dodge: Dodged            |    46 |    42 ||    88

Table legend: (Time is in decaauts)
 A = Elapsed time spent in this place.
 B = Non-inter-level travel time spent in this place.
 C = Inter-level travel time spent in this place.
 D = Time resting spent in this place.
 E = Time spent auto-exploring this place.
 F = Levels seen in this place.
 G = Mean time per level.
                   A        B        C        D        E       F      G
               +--------+--------+--------+--------+--------+-----+--------+
         Total |   2922 |   2849 |     73 |      0 |   2347 |   4 |  730.5 |
       Dungeon |   2922 |   2849 |     73 |      0 |   2347 |   4 |  730.5 |
               +--------+--------+--------+--------+--------+-----+--------+

Top non-repeatable levels by time:
     D:2: 1072 daAuts
     D:1: 845 daAuts
     D:3: 721 daAuts
     D:4: 283 daAuts
